AoeStats
← cocotea121

Arabia

508665735Analyzed
1v1 RM · 10d ago on Sep 23, 2026· 16m 19s· 2 players
Game mode
Random Map
Map size
Tiny (2 player)
Population
200
Speed
Normal
Resources
Standard
Victory
Conquest
Starting age
Dark Age
Ending age
Imperial Age
RankedLock teamsTeams togetherTeam positionsShared explorationLock speedFull tech treeHidden civsTurbo modeCheats
Victory
Defeat
🇨🇴 Aztecs · Colombia
912
+15
🇹🇼 Mongols · Taiwan
895
-36
cocotea121
7:04 Loom
10:04 Feudal Age
11:40 Double-Bit Axe
16:02 Wheelbarrow
16:14 Town Watch
Jason
6:55 Loom
10:57 Feudal Age
12:24 Double-Bit Axe
14:16 Gold Mining
14:28 Man-at-Arms
15:32 Fletching
16:49 Padded Archer Armor
Connection lost

Rejoining the realm…

Still unreachable

The connection could not be restored.

Session expired

The server has moved on; the page needs a fresh start.